 Dungeon Crawl Stone Soup version 0.25-a0-474-ga8a2ee3166 (webtiles) character file.

Game seed: 8425408126322589549, levelgen mode: deterministic

4939 kae the Martial Artist (level 10, -2/71 HPs)
             Began as a Red Draconian Transmuter on Feb 7, 2020.
             Was an Elder of Uskayaw.
             Slain by a chaos spawn (5 damage)
             ... summoned by a deep elf mage
             ... on level 8 of the Dungeon.
             The game lasted 00:14:58 (10262 turns).

kae the Martial Artist (Red Draconian Transmuter)  Turns: 10262, Time: 00:14:58

Health: -2/71      AC:  7    Str: 13    XL:     10   Next: 28%
Magic:  0/13       EV: 12    Int: 13    God:    Uskayaw [****..]
Gold:   454        SH:  0    Dex: 21    Spells: 2/13 levels left

rFire    + . .     SeeInvis .     - Unarmed
rCold    . . .     Gourm    .   (no shield)
rNeg     + . .     Faith    .   (armour unavailable)
rPois    .         Spirit   +   (helmet restricted)
rElec    .         Reflect  .   (no cloak)
rCorr    .         Harm     .   (no gloves)
MR       .....                  (no boots)
Stlth    ++........             p - amulet of guardian spirit
HPRegen  0.21/turn              e - +6 ring of dexterity
MPRegen  0.13/turn              y - ring of positive energy

@: short of breath, lightly drained
A: breathe fire, unfitting armour, fire resistance 1, cold-blooded, AC +7
a: Breathe Fire, Stomp, Line Pass, Renounce Religion


You were on level 8 of the Dungeon.
You worshipped Uskayaw.
Uskayaw was noncommittal.
You were hungry.

You visited 2 branches of the dungeon, and saw 9 of its levels.
You also visited: Sewer.

You collected 454 gold pieces.

Inventory:

Hand Weapons
 d - a +1 whip
 t - the +1 hand axe of Okawaru's Delight {drain, Str+4}
   (You found it on level 4 of the Dungeon)

   A truly terrible weapon, it drains the life of those it strikes.
   It affects your strength (+4).
Missiles
 a - 39 arrows
Jewellery
 e - a +6 ring of dexterity (left hand)
 f - an uncursed ring of resist corrosion
 i - a +3 ring of protection
 p - an amulet of guardian spirit (around neck)
 q - an uncursed amulet of the acrobat
 y - a ring of positive energy (right hand)
Wands
 z - a wand of paralysis (2)
Scrolls
 b - 2 scrolls of random uselessness
 k - 3 scrolls of enchant weapon
 l - 2 scrolls of magic mapping
 n - 9 scrolls of teleportation
 o - 2 scrolls of remove curse
 s - 2 scrolls of blinking
 x - a scroll of enchant armour
Potions
 g - 2 potions of curing
 h - a potion of agility
 j - 6 potions of heal wounds {unknown}
 m - 5 potions of brilliance {unknown}
 r - a potion of might {unknown}
 u - a potion of degeneration {unknown}
 w - a potion of flight {unknown}
Comestibles
 c - 10 rations


   Skills:
 - Level 1.1(0.5) Fighting
 - Level 1.7(1.2) Dodging
 * Level 12.5(11.7) Unarmed Combat
 - Level 2.0(1.4) Spellcasting
 + Level 9.0(8.4) Transmutations


You had 2 spell levels left.
You knew the following spells:

 Your Spells              Type           Power        Failure   Level  Hunger
a - Beastly Appendage     Tmut           ###...       1%          1    ##.....
b - Sticks to Snakes      Tmut           ###.....     1%          2    ###....
c - Spider Form           Tmut/Pois      ##........   14%         3    ####...
d - Blade Hands           Tmut           ###.......   24%         5    ######.

Your spell library contained the following spells:

 Spells                   Type           Power        Failure   Level  Hunger
 Summon Small Mammal      Summ           #...         26%         1    ##.....
 Call Imp                 Summ           #.......     38%         2    ###....
 Ice Form                 Ice/Tmut       ##......     43%         4    #####..
 Petrify                  Tmut/Erth      ##......     43%         4    #####..
 Call Canine Familiar     Summ           #.......     63%         3    ####...
 Confusing Touch          Hex            #.......     63%         3    ####...
 Gell's Gravitas          Tloc           #.........   63%         3    ####...
 Summon Guardian Golem    Hex/Summ       #.......     63%         3    ####...
 Yara's Violent Unravell  Hex/Tmut       ##........   80%         5    ######.
 Summon Ice Beast         Ice/Summ       #.......     95%         4    #####..
 Summon Lightning Spire   Summ/Air       #.......     95%         4    #####..
 Metabolic Englaciation   Hex/Ice        #.........   100%        5    ######.


Dungeon Overview and Level Annotations

Branches:
Dungeon (8/15)             Temple (1/1) D:5           Sewer (visited)
   Lair: D:8-11

Altars:
Ashenzari
Cheibriados
Elyvilon
Fedhas
Gozag
Kikubaaqudgha
Makhleb
Nemelex Xobeh
Okawaru
Qazlal
Ru
Sif Muna
Trog
Uskayaw
Vehumet
Wu Jian
Yredelemnul
Zin
The Shining One


Innate Abilities, Weirdness & Mutations

You can breathe blasts of fire.
Your fiery red scales are hard. (AC +7)
You cannot fit into any form of body armour.
Your flesh is heat resistant. (rF+)
You are cold-blooded and may be slowed by cold attacks.


Message History

The bullfrog skeleton hits you. The orc closely misses you.
You punch the bullfrog skeleton!
The bullfrog skeleton is heavily damaged.
The bullfrog skeleton barely misses you.
The soul eater hits you!! You partially resist.
You feel drained. The bullfrog skeleton hits you.
The deep elf mage casts a spell at you.
The bolt of negative energy hits the soul eater.
The soul eater completely resists.
The bolt of negative energy hits you! You partially resist.
You feel drained.
* * * LOW HITPOINT WARNING * * *
The bolt of negative energy misses the orc.
The orc hits you with a +0 flail.
* * * LOW HITPOINT WARNING * * *
The soul eater hits you!
* * * LOW HITPOINT WARNING * * *
The chaos spawn gores you.
* * * LOW HITPOINT WARNING * * *
The chaos spawn shocks you.
You die...

+.......)<###.r##...........
#.......###...§§§$........##
#....!###.....s§§§§.........
#...###.........§§......#..
#.###...........§.......#
###.........)....#.....##
#............######...##
........##..Z######.####..#
....(.......o@3esr.......#
..........#.4#######.#####
.......................
............############
...........## ...........#
...........# ..........##
...#.....##


You could see a soul eater, a deep elf mage, a chaos spawn, a redback, a hell
rat, an orc and a bullfrog skeleton.

Vanquished Creatures
  A manticore (D:8)
  A hippogriff (D:7)
  Sigmund (D:4)
  Eustachio (D:5)
  5 porcupines (D:8)
  2 orc warriors
  A sky beast (D:7)
  An eye of draining (D:8)
  5 ice beasts
  3 black bears
  A phantom (D:7)
  6 ogres
  A crocodile (D:8)
  A big kobold (Sewer)
  5 bullfrogs
  A water moccasin zombie (D:6)
  4 scorpions
  5 crimson imps
  A centaur zombie (D:6)
  3 hounds
  2 bullfrog skeletons
  2 orc priests (D:6)
  3 jellies
  Terence (D:2)
  An iguana (D:7)
  11 orc wizards
  2 worker ants
  A killer bee zombie (D:8)
  A hound zombie (D:7)
  A hound skeleton (D:6)
  Robin (D:4)
  7 adders
  2 river rats (Sewer)
  2 oozes (Sewer)
  2 adder skeletons
  10 worms
  3 dart slugs (D:1)
  4 leopard geckos
  15 orcs
  4 ball pythons
  9 giant cockroaches
  17 goblins
  8 hobgoblins
  8 jackals
  15 kobolds
  4 quokkas
  A ball python skeleton (D:6)
  13 bats
  8 frilled lizards
  A leopard gecko zombie (D:6)
  11 rats
219 creatures vanquished.

Vanquished Creatures (collateral kills)
  An adder (D:3)
  A quokka (D:3)
2 creatures vanquished.

Vanquished Creatures (others)
  28 fungi (D:8)
  6 plants (D:8)
34 creatures vanquished.

Grand Total: 255 creatures vanquished

Notes
Turn   | Place    | Note
-------+----------+-------------------------------------------
     0 | D:1      | kae the Draconian Transmuter began the quest for the Orb.
     0 | D:1      | Reached XP level 1. HP: 16/16 MP: 3/3
   194 | D:1      | Reached XP level 2. HP: 21/23 MP: 3/5
   743 | D:1      | Reached XP level 3. HP: 25/28 MP: 6/6
  1267 | D:2      | Reached skill level 4 in Unarmed Combat
  2107 | D:2      | Reached XP level 4. HP: 34/35 MP: 7/7
  2128 | D:2      | Learned a level 2 spell: Sticks to Snakes
  2132 | D:2      | Learned a level 3 spell: Spider Form
  2233 | D:2      | Noticed Terence
  2277 | D:2      | Killed Terence
  2882 | D:3      | Reached skill level 5 in Unarmed Combat
  2882 | D:3      | Reached XP level 5. HP: 33/40 MP: 4/8
  3172 | D:3      | Noticed a black bear
  3202 | D:3      | Killed a black bear
  3202 | D:3      | Reached XP level 6. HP: 37/47 MP: 6/9
  3576 | D:3      | Reached skill level 6 in Unarmed Combat
  3848 | D:4      | Noticed Sigmund
  3864 | D:4      | Killed Sigmund
  4070 | D:4      | Your scales start taking on a fiery red colour.
  4070 | D:4      | Reached XP level 7. HP: 51/52 MP: 6/10
  4070 | D:4      | Gained mutation: Your flesh is heat resistant. (rF+) [Red
                  | Draconian growth]
  4098 | D:4      | Noticed Robin
  4138 | D:4      | Killed Robin
  4138 | D:4      | Reached skill level 7 in Unarmed Combat
  4530 | D:4      | Got a scorched hand axe
  4540 | D:4      | Identified the cursed +1 hand axe of Okawaru's Delight
                  | {drain, Str+4} (You found it on level 4 of the Dungeon)
  4700 | D:5      | Entered Level 5 of the Dungeon
  4761 | D:5      | Found a staircase to the Ecumenical Temple.
  4881 | Temple   | Entered the Ecumenical Temple
  4985 | Temple   | Became a worshipper of Uskayaw the Reveler
  5103 | D:5      | Reached skill level 5 in Transmutations
  5103 | D:5      | Reached * piety under Uskayaw
  5116 | D:5      | Reached ** piety under Uskayaw
  5402 | D:5      | Reached skill level 8 in Unarmed Combat
  5497 | D:5      | Found a snail-covered altar of Cheibriados.
  5666 | D:5      | Noticed Eustachio
  5677 | D:5      | Killed Eustachio
  5677 | D:5      | Reached XP level 8. HP: 59/59 MP: 8/11
  6098 | D:6      | Reached skill level 9 in Unarmed Combat
  6102 | D:6      | Reached *** piety under Uskayaw
  6110 | D:5      | HP: 2/59 [orc wizard/magic dart (5)]
  6505 | D:6      | Reached **** piety under Uskayaw
  6510 | D:6      | Reached ***** piety under Uskayaw
  6525 | D:6      | Found a glowing drain.
  6544 | Sewer    | Entered a sewer
  6713 | Sewer    | Reached skill level 10 in Unarmed Combat
  7229 | Sewer    | Reached XP level 9. HP: 59/64 MP: 12/12
  7587 | D:6      | Found an ancient bone altar of Kikubaaqudgha.
  8027 | D:7      | Reached skill level 11 in Unarmed Combat
  9202 | D:8      | Noticed a manticore
  9323 | D:7      | Learned a level 5 spell: Blade Hands
  9331 | D:8      | Killed a manticore
  9621 | D:8      | Reached XP level 10. HP: 41/71 MP: 5/13
  9623 | D:8      | Reached skill level 12 in Unarmed Combat
  9907 | D:8      | Noticed a deep elf mage
  9916 | D:8      | HP: 3/71 [hell rat[a deep elf mage] (18)]
 10260 | D:8      | Noticed a soul eater
 10262 | D:8      | HP: 3/71 [chaos spawn[a deep elf mage] (4)]
 10262 | D:8      | Slain by a chaos spawn

Levels and vault maps discovered:
D:1:      psy_arrival_statuary, layout_basic, chequers_jeans
D:2:      layout_basic, first_ration, uniq_terence
D:3:      layout_basic, nicolae_overflow_hidden_temple, minmay_starry_boxes
D:4:      layout_basic, uniq_robin, uniq_sigmund
D:5:      layout_cave_pods, minmay_temple_entry_slanted, basic_altar,
          uniq_eustachio
D:6:      layout_loops_cross, kiku_gazebo_pond_becter,
          cheibrodos_sewer_entry_drain
D:7:      layout_rooms
D:8:      minmay_diamond_stairs, layout_rooms, due_lair_maze_entry_diamond,
          uniq_pikel
Temple:   minmay_temple_bridge_d

Skill      XL: |  1  2  3  4  5  6  7  8  9 10 |
---------------+-------------------------------+-----
Unarmed Combat | 4 5 6 8 10 11 12 | 12.5
Transmutations | 3 4 5 7 8 9 |  9.0
Fighting       | |  1.1
Dodging        | |  1.7
Spellcasting   | |  2.0

Action                   |  1- 3 |  4- 6 |  7- 9 | 10-12 || total
-------------------------+-------+-------+-------+-------++-------
Melee: Unarmed           |     7 |    46 |   250 |    48 ||   351
       Whip              |   133 |    87 |    31 |       ||   251
       Tailslap          |    15 |     9 |    57 |     4 ||    85
       Headbutt          |     9 |     6 |       |       ||    15
       Punch             |     4 |       |    12 |     1 ||    17
       Kick              |     6 |     1 |       |       ||     7
       Hand axe          |       |       |   160 |       ||   160
 Cast: Beastly Appendage |    17 |     8 |       |       ||    25
       Spider Form       |       |     9 |    13 |       ||    22
       Sticks to Snakes  |       |     1 |     1 |       ||     2
       Blade Hands       |       |       |     2 |       ||     2
Invok: Line Pass         |       |       |     2 |       ||     2
       Stomp             |       |       |     4 |     1 ||     5
 Abil: Breathe Fire      |       |       |    11 |     4 ||    15
  Use: Scroll            |     3 |     6 |     8 |     2 ||    19
       Potion            |       |       |     3 |       ||     3
 Stab: Sleeping          |       |     2 |     1 |       ||     3
       Distracted        |       |       |     1 |       ||     1
       Paralysed         |       |       |     7 |     5 ||    12
  Eat: Chunk             |     4 |     9 |    14 |     2 ||    29
       Ration            |       |       |     3 |       ||     3
Armor: Skin              |    55 |    45 |   126 |    12 ||   238
Dodge: Dodged            |   103 |   107 |   278 |    24 ||   512

Table legend:
 A = Non-vault XP
 B = Vault XP
 C = Vault XP percentage of total XP
 D = Non-vault monster count
 E = Vault monster count
 F = Vault count percentage of total count
                 A         B        C        D         E       F
            +---------+---------+-------+---------+---------+-------
      Total |    4733 |    2324 |  32.9 |     167 |      54 |  24.4
            +---------+---------+-------+---------+---------+-------
        D:1 |      45 |       0 |   0.0 |      25 |       0 |   0.0
        D:2 |      79 |      36 |  31.3 |      23 |       1 |   4.2
        D:3 |     257 |      18 |   6.5 |      24 |       4 |  14.3
        D:4 |     202 |     262 |  56.5 |      15 |      14 |  48.3
        D:5 |     840 |     197 |  19.0 |      12 |       1 |   7.7
        D:6 |    1176 |       8 |   0.7 |      32 |       3 |   8.6
        D:7 |    1292 |       0 |   0.0 |      23 |       0 |   0.0
        D:8 |     842 |    1624 |  65.9 |      13 |      10 |  43.5
      Sewer |       0 |     179 | 100.0 |       0 |      21 | 100.0
            +---------+---------+-------+---------+---------+-------
